 Dungeon Crawl Stone Soup version 0.27.1-33-g824d729ab1 (webtiles) character file.

Game seed: 15438645511734114638

117632 yoloboy69 the Brawler (level 16, -6/167 (169) HPs)
             Began as a Troll Monk on Dec 5, 2021.
             Was a High Priest of Qazlal.
             Mangled by a deep elf knight (12 damage)
             ... summoned by an orange crystal statue
             ... on level 3 of the Elven Halls on Dec 11, 2021.
             The game lasted 03:46:59 (20806 turns).

yoloboy69 the Brawler (Troll Monk)                 Turns: 20806, Time: 03:46:59

HP:   -6/167 (169)  AC: 24    Str: 23    XL:     16   Next: 23%
MP:   15/21         EV:  8    Int: 20    God:    Qazlal [*****.]
Gold: 1476          SH:  0    Dex: 16    Spells: 15/15 levels left

rFire    + + .     SeeInvis .     - Unarmed
rCold    + . .     Faith    .   w - +0 kite shield
rNeg     + . .     Spirit   .   g - +4 storm dragon scales of Winter {rElec Int+4 Dex+3 Slay+2}
rPois    .         Reflect  +   (helmet restricted)
rElec    +         Harm     .   v - scarf {rC+ rF+}
rCorr    .         Rampage  .   (gloves unavailable)
Will     +++..                  (boots unavailable)
Stlth    ..........             M - amulet of reflection
HPRegen  1.37/turn              u - ring of willpower
MPRegen  0.17/turn              T - ring "Xidghoc" {Fly rF+ rN+ Str-3 Int+9}

@: confused, protected from physical damage, unable to read, flying, lightly
drained, repel missiles
A: large, unfitting armour, claws 3, regeneration 1, shaggy fur 1, tough skin 1,
iridescent scales 1, strong-willed 1, inability to read while threatened
a: Renounce Religion, Upheaval, Elemental Force, Disaster Area


You were on level 3 of the Elven Halls.
You worshipped Qazlal.
Qazlal was extremely pleased with you.
You visited 5 branches of the dungeon, and saw 22 of its levels.
You visited 1 bazaar.
You also visited: Ossuary.

You collected 3296 gold pieces.
You spent 1820 gold pieces at shops.

Inventory:

Missiles
 B - 8 javelins (quivered)
 C - 29 large rocks
Armour
 g - the +4 storm dragon scales of Winter (worn) {rElec Int+4 Dex+3 Slay+2}
   (You bought it in a shop on level 3 of the Elven Halls)

   Int:       It affects your intelligence (+4).
   Dex:       It affects your dexterity (+3).
   Slay:      It affects your accuracy & damage with ranged weapons and melee
   (+2).
   rElec:     It insulates you from electricity.
 n - a +2 cloak
 q - a +2 robe of the Archmagi
 v - a scarf of resistance (worn)
 w - a +0 kite shield (worn)
 D - the +0 robe of Risayfoza {rF- Str+7 Int+4}
   (You found it on level 11 of the Dungeon)

   Str:       It affects your strength (+7).
   Int:       It affects your intelligence (+4).
   rF:        It makes you vulnerable to fire.
 Z - +4 acid dragon scales
Jewellery
 h - a +4 ring of protection
 j - a +6 ring of strength
 u - a ring of willpower (left claw)
 y - a +4 ring of evasion
 A - a ring of see invisible
 K - a ring of resist corrosion
 M - an amulet of reflection (around neck)
 O - a +4 ring of evasion
 Q - a ring of protection from fire
 T - the ring "Xidghoc" (right claw) {Fly rF+ rN+ Str-3 Int+9}
   (You found it on level 14 of the Dungeon)

   [ring of flight]

   Str:       It affects your strength (-3).
   Int:       It affects your intelligence (+9).
   rF:        It protects you from fire.
   rN:        It protects you from negative energy.
   Fly:       It grants you flight.
 V - a +6 ring of dexterity
 Y - a ring of poison resistance
Wands
 s - a wand of iceblast (57)
 I - a wand of acid (10)
 L - a wand of flame (11)
 P - a wand of digging (5)
 U - a wand of mindburst (9)
Scrolls
 c - 9 scrolls of teleportation
 k - 2 scrolls of fog
 o - a scroll of magic mapping
 r - a scroll of holy word
 t - 4 scrolls of blinking
 x - 6 scrolls of amnesia
 R - 2 scrolls of fear
Potions
 a - 2 potions of magic {unknown}
 b - 3 potions of flight {unknown}
 d - 4 potions of might
 e - a potion of resistance {unknown}
 f - 3 potions of mutation
 i - 3 potions of cancellation {unknown}
 l - 2 potions of haste
 m - a potion of degeneration {unknown}
 E - 2 potions of berserk rage
 F - a potion of ambrosia {unknown}
 G - 3 potions of lignification {unknown}
 S - 2 potions of attraction {unknown}
 X - 2 potions of brilliance {unknown}
Miscellaneous
 p - a phantom mirror


   Skills:
 - Level 13.0 Fighting
 - Level 8.0 Armour
 - Level 5.5 Dodging
 - Level 1.0 Stealth
 - Level 10.0 Shields
 + Level 15.8 Unarmed Combat
 - Level 9.0 Invocations
 + Level 5.0 Evocations


You had 15 spell levels left.
You didn't know any spells.
Your spell library contained the following spells:

 Spells                   Type           Power      Damage    Failure   Level
 Apportation              Tloc           0%         N/A       75%         1
 Sandblast                Erth           0%         2d4       75%         1
 Shock                    Conj/Air       0%         1d3       75%         1
 Corpse Rot               Necr/Air       N/A        N/A       87%         2
 Passwall                 Tmut/Erth      0%         N/A       87%         2
 Sublimation of Blood     Necr           0%         N/A       87%         2
 Frozen Ramparts          Ice            0%         1d2       98%         3
 Gell's Gravitas          Tloc           0%         N/A       98%         3
 Portal Projectile        Hex/Tloc       0%         N/A       98%         3
 Stone Arrow              Conj/Erth      0%         3d7       98%         3
 Dispel Undead            Necr           0%         3d6       100%        4
 Ice Form                 Ice/Tmut       0%         N/A       100%        4
 Petrify                  Tmut/Erth      0%         N/A       100%        4
 Summon Ice Beast         Ice/Summ       0%         N/A       100%        4
 Alistair's Intoxication  Tmut/Pois      0%         N/A       100%        5
 Blade Hands              Tmut           0%         N/A       100%        5
 Borgnjor's Vile Clutch   Necr/Erth      0%         N/A       100%        5
 Excruciating Wounds      Necr           0%         N/A       100%        5
 Irradiate                Conj/Tmut      0%         3d13      100%        5
 Lee's Rapid Deconstruct  Erth           0%         3d5*      100%        5
 Metabolic Englaciation   Hex/Ice        0%         N/A       100%        5
 Death Channel            Necr           0%         N/A       100%        6
 Eringya's Noxious Bog    Tmut/Pois      0%         N/A       100%        6
 Invisibility             Hex            0%         N/A       100%        6
 Polar Vortex             Ice            0%         N/A       100%        9


Dungeon Overview and Level Annotations

Branches:
Dungeon (15/15)            Temple (1/1) D:7            Lair (0/6) D:9
    Orc (2/2) D:12            Elf (3/3) Orc:2        Vaults (0/5) D:14
 Depths (1/5) D:15        Ossuary (visited)

Altars:
Ashenzari
Cheibriados
Dithmenos
Elyvilon
Fedhas
Gozag
Hepliaklqana
Kikubaaqudgha
Makhleb
Nemelex Xobeh
Okawaru
Qazlal
Ru
Sif Muna
Trog
Uskayaw
Vehumet
Wu Jian
Xom
Yredelemnul
Zin
The Shining One
Beogh

Shops:
D:1 =   D:3 [   D:6 (   D:11 *   Orc:2 [[(*   Elf:2 [=!   Elf:3 [

Annotations:
Elf:3 exclusion: orange crystal statue


Innate Abilities, Weirdness & Mutations

You are too large for most types of armour.
You have claws for hands.
Your natural rate of healing is unusually fast.
You are covered in fur. (AC +1)
You have tough skin. (AC +1)
You are partially covered in iridescent scales. (AC +2)
You are strong-willed. (Will+)
You sometimes lose the ability to read scrolls when taking damage.


Message History

The deep elf knight casts a spell at you.
The shard of ice is repelled.
The +4 glaive of protection barely misses you.
The deep elf pyromancer is engulfed in freezing vapours.
You kill the deep elf pyromancer!
The deep elf pyromancer's corpse dissolves into shadows!
The fire elemental disappears in a puff of smoke!
You mangle the +4 glaive of protection!!
The +4 glaive of protection is severely damaged.
The orange crystal statue is engulfed in blazing flames.
You hear some strange, mumbled words.
A shard of ice appears from out of thin air!
The shard of ice hits you! You partially resist.
The +4 glaive of protection completely misses you.
The deep elf knight hits you with a +0 long sword of draining!
You partially resist.
You feel drained.
The deep elf pyromancer gestures wildly while chanting.
The deep elf pyromancer blinks!
You scratch the orange crystal statue.
The orange crystal statue is almost destroyed.
The orange crystal statue glitters.
You resist with almost no effort. The +4 glaive of protection hits you!
You feel more protected from physical attacks.
You're too confused to move!
You hear some strange, mumbled words.
A shard of ice appears from out of thin air!
The shard of ice hits you!! You partially resist.
* * * LOW HITPOINT WARNING * * *
The deep elf knight hits you but does no damage.
You partially resist. The +4 glaive of protection hits you!!
* * * LOW HITPOINT WARNING * * *
You feel more protected from physical attacks.
The orange crystal statue glitters.
You resist with almost no effort.
Okay, then.
Okay, then.
You scratch the orange crystal statue but do no damage.
The orange crystal statue is almost destroyed.
Something hits you!
You die...

######### ###........#
#.....§....#
#...≈≈≈....#
#..##°##...# ####
#.≈#(e=#§..# ##...
##.°≈@8e≈§..######.)..
#..≈#☼{|#≈............
#...##☼##..#####.#....
#....≈≈≈.....##.###...
#......e.......## #.##
#.####.###....## #.##
#.............# #.#
##########....##.#
#.[....#


You could see an orange crystal statue, a deep elf knight (summoned), 2 deep elf
pyromancers and a +4 glaive of protection (summoned).

Vanquished Creatures
  Saint Roka (Orc:2)
  Nikola (Elf:2)
  A deep elf blademaster (Elf:3)
  A fire giant (D:15)
  2 deep elf sorcerers
  2 deep elf elementalists (Elf:3)
  2 deep elf demonologists
  A deep elf death mage (Elf:2)
  An ettin (D:15)
  A deep elf high priest (Elf:3)
  6 slime creatures
  A great orb of eyes (D:13)
  2 hydras
  A rakshasa (Depths:1)
  4 boulder beetles
  A catoblepas (D:15)
  5 two-headed ogres
  6 centaur warriors
  Erica (D:8)
  25 dancing weapons
  2 orc high priests (Orc:2)
  3 tengu warriors (D:15)
  7 deep elf knights
  3 orc knights
  5 deep elf archers
  A lindwurm (shapeshifter) (D:14)
  A phantasmal warrior (D:14)
  25 deep elf pyromancers
  A wizard (D:13)
  18 deep elf zephyrmancers
  11 ugly things
  5 orc sorcerers
  2 shining eyes (shapeshifter)
  6 cyclopes
  4 manticores
  Joseph (D:7)
  A black mamba (shapeshifter) (D:13)
  An ice statue (D:15)
  A gargoyle (D:9)
  An unseen horror (D:13)
  A freezing wraith (D:15)
  Maggie (D:8)
  A komodo dragon (D:13)
  2 kobold demonologists
  2 efreet
  2 tengu conjurers (D:14)
  A komodo dragon (shapeshifter) (D:13)
  2 polar bears (D:15)
  15 trolls
  A centaur simulacrum (D:12)
  Sigmund (D:2)
  3 wraiths
  3 water elementals
  5 air elementals
  3 fire elementals
  A golden eye (shapeshifter) (D:12)
  21 yaks
  2 basilisks (shapeshifter)
  10 vampire mosquitoes
  A basilisk (D:13)
  Menkaure (D:7)
  A steam dragon (D:9)
  2 wargs (Orc:1)
  2 acid dragons
  33 orc warriors
  9 ice beasts
  A black bear (D:7)
  A sky beast (D:7)
  9 ogres
  13 centaurs
  4 kobold brigands
  4 gnoll sergeants
  4 bullfrogs
  A scorpion (D:4)
  A wyvern zombie (D:9)
  2 earth elementals
  2 water moccasin zombies
  5 killer bees
  4 electric eels (D:12)
  A wight (D:9)
  5 centaur zombies
  2 hounds
  A jelly (D:4)
  A centaur skeleton (D:7)
  30 orc priests
  Crazy Yiuf (D:2)
  Ijyb (D:3)
  4 iguanas
  31 orc wizards
  A hound skeleton (D:4)
  A mummy (Ossuary)
  A howler monkey zombie (D:9)
  7 adders
  14 gnolls
  2 shadow imps
  8 white imps
  An ufetubus (D:6)
  4 worms
  2 dart slugs (D:3)
  120 orcs
  7 ball pythons
  6 endoplasms
  A giant cockroach (D:1)
  4 hobgoblins
  8 jackals
  3 quokkas
  5 bats
  3 frilled lizards
  6 gnoll skeletons (Ossuary)
  13 goblins
  17 kobolds
  3 kobold skeletons (Ossuary)
  16 orc skeletons (Ossuary)
  6 rats
677 creatures vanquished.

Vanquished Creatures (collateral kills)
  A deep elf knight (Elf:2)
1 creature vanquished.

Vanquished Creatures (others)
  A fire dragon (Depths:1)
  2 deep elf knights
  2 deep elf pyromancers
  An unseen horror (D:13)
  A howler monkey (shapeshifter) (D:14)
  An orc wizard (D:12)
  3 orcs (D:12)
  3 plants
14 creatures vanquished.

Grand Total: 692 creatures vanquished

Notes
Turn   | Place    | Note
-------+----------+-------------------------------------------
     0 | D:1      | yoloboy69 the Troll Monk began the quest for the Orb.
     0 | D:1      | Reached XP level 1. HP: 22/22 MP: 0/0
    74 | D:1      | Found a faded altar of an unknown god.
    81 | D:1      | Got Plato's Guide on the Birds
   180 | D:1      | Reached XP level 2. HP: 29/29 MP: 1/1
   314 | D:1      | Found Otugh's Jewellery Shoppe.
   538 | D:2      | Found a shadowy altar of Dithmenos.
   673 | D:2      | Noticed Sigmund
   684 | D:2      | Killed Sigmund
   685 | D:2      | Reached skill level 4 in Unarmed Combat
   685 | D:2      | Reached XP level 3. HP: 37/39 MP: 2/2
   685 | D:2      | Reached XP level 4. HP: 45/48 MP: 3/3
   685 | D:2      | Reached XP level 5. HP: 51/54 MP: 4/4
  1002 | D:2      | Found a runed translucent door.
  1003 | D:2      | Noticed Crazy Yiuf
  1010 | D:2      | Killed Crazy Yiuf
  1011 | D:2      | Reached skill level 5 in Unarmed Combat
  1115 | D:3      | Reached XP level 6. HP: 62/62 MP: 5/5
  1423 | D:3      | Found Lacipp's Armour Boutique.
  1908 | D:3      | Noticed Ijyb
  1914 | D:3      | Killed Ijyb
  2455 | D:4      | Reached skill level 5 in Fighting
  2455 | D:4      | Reached skill level 6 in Unarmed Combat
  2455 | D:4      | Reached XP level 7. HP: 66/72 MP: 6/6
  2969 | D:5      | Entered Level 5 of the Dungeon
  2979 | D:5      | Reached skill level 7 in Unarmed Combat
  3228 | D:5      | Reached skill level 8 in Unarmed Combat
  3719 | D:6      | Found a sand-covered staircase.
  3724 | Ossuary  | Entered an ossuary
  3724 | Ossuary  | Noticed a wraith
  3724 | Ossuary  | Noticed a wraith
  3724 | Ossuary  | Noticed a wraith
  3740 | Ossuary  | Reached XP level 8. HP: 80/80 MP: 7/7
  4129 | D:6      | Reached skill level 9 in Unarmed Combat
  4410 | D:6      | Found Rasujoro's Weapon Boutique.
  4673 | D:7      | Noticed Joseph
  4685 | D:7      | Killed Joseph
  4925 | D:7      | Found a glowing silver altar of Zin.
  4925 | D:7      | Noticed an angel
  4949 | D:7      | Noticed a troll
  4955 | D:7      | Killed a troll
  4956 | D:7      | Reached XP level 9. HP: 87/92 MP: 8/8
  5084 | D:7      | Found a staircase to the Ecumenical Temple.
  5095 | D:7      | Noticed Menkaure
  5100 | D:7      | Killed Menkaure
  5336 | D:7      | Noticed a two-headed ogre
  5342 | D:7      | Killed a two-headed ogre
  5343 | D:7      | Reached skill level 10 in Unarmed Combat
  5449 | D:7      | Noticed a troll
  5455 | D:7      | Killed a troll
  5510 | D:7      | Reached skill level 1 in Armour
  5510 | D:7      | Reached skill level 1 in Shields
  5738 | Temple   | Entered the Ecumenical Temple
  5819 | Temple   | Became a worshipper of Qazlal Stormbringer
  5819 | Temple   | Reached * piety under Qazlal
  5819 | Temple   | Reached ** piety under Qazlal
  6229 | D:8      | Reached XP level 10. HP: 92/106 MP: 9/9
  6397 | D:8      | Noticed Maggie
  6413 | D:8      | Killed Maggie
  6731 | D:9      | Noticed Erica
  6809 | D:8      | Killed Erica
  6870 | D:9      | Reached *** piety under Qazlal
  6914 | D:9      | Noticed a gargoyle
  6920 | D:9      | Killed a gargoyle
  6921 | D:9      | Reached skill level 5 in Armour
  6921 | D:9      | Reached skill level 5 in Shields
  7300 | D:9      | Found a staircase to the Lair.
  7498 | D:10     | Entered Level 10 of the Dungeon
  7523 | D:10     | Reached XP level 11. HP: 107/113 MP: 10/10
  8135 | D:11     | Found Kikipuon's Overcharged Wands.
  8138 | D:11     | Reached **** piety under Qazlal
  8179 | D:11     | Noticed a two-headed ogre
  8190 | D:11     | Killed a two-headed ogre
  8288 | D:11     | Noticed a two-headed ogre
  8294 | D:11     | Killed a two-headed ogre
  8473 | D:11     | Noticed a six-headed hydra
  8489 | D:11     | Killed a six-headed hydra
  8531 | D:11     | Noticed a two-headed ogre
  8546 | D:11     | Killed a two-headed ogre
  8570 | D:11     | Identified the +0 robe of Risayfoza {rF- Str+7 Int+4}
  8947 | D:12     | Noticed a two-headed ogre
  8953 | D:12     | Killed a two-headed ogre
  9078 | D:12     | Reached XP level 12. HP: 112/122 MP: 11/11
  9101 | D:12     | Reached ***** piety under Qazlal
  9229 | D:12     | Noticed a boulder beetle
  9239 | D:12     | Killed a boulder beetle
  9266 | D:12     | Reached skill level 10 in Shields
  9271 | D:12     | Reached skill level 1 in Invocations
  9522 | D:12     | Found a staircase to the Orcish Mines.
  9780 | D:13     | Noticed a centaur warrior
  9785 | D:13     | Killed a centaur warrior
  9799 | D:13     | Reached skill level 5 in Invocations
  9939 | D:13     | Noticed an eight-headed hydra
  9981 | D:13     | Killed an eight-headed hydra
 10046 | D:13     | Noticed a great orb of eyes
 10056 | D:13     | Killed a great orb of eyes
 10130 | D:13     | Noticed a boulder beetle
 10142 | D:13     | Reached XP level 13. HP: 119/128 MP: 16/18
 11151 | D:14     | Reached skill level 11 in Unarmed Combat
 11201 | D:14     | Identified the +8 quarterstaff of Rydextaw {flame, Will+
                  | rCorr Stlth-}
 11435 | D:14     | Reached skill level 12 in Unarmed Combat
 11492 | D:14     | Identified the ring "Xidghoc" {Fly rF+ rN+ Str-3 Int+9}
 11678 | D:14     | Found a gate to the Vaults.
 11896 | D:15     | Entered Level 15 of the Dungeon
 11954 | D:15     | Reached skill level 13 in Unarmed Combat
 12096 | D:15     | Noticed a fire giant
 12098 | D:15     | Found a staircase to the Depths.
 12172 | D:15     | Killed a fire giant
 12347 | D:15     | Got Sif Muna's Handbook of Dusty Execration
 12413 | D:15     | Gained mutation: You sometimes lose the ability to read
                  | scrolls when taking damage. [a shining eye]
 12416 | D:15     | Gained mutation: You are frail. (-10% HP) [a shining eye]
 12418 | D:15     | Gained mutation: Your body sometimes deteriorates upon
                  | taking damage. [a shining eye]
 12423 | D:15     | Reached skill level 14 in Unarmed Combat
 12428 | D:15     | Reached XP level 14. HP: 106/123 MP: 19/19
 12837 | Depths:1 | Entered Level 1 of the Depths
 13628 | Orc:1    | Entered Level 1 of the Orcish Mines
 13811 | Orc:2    | Entered Level 2 of the Orcish Mines
 13817 | Orc:2    | Found a staircase to the Elven Halls.
 14159 | Orc:1    | Reached ****** piety under Qazlal
 14601 | Orc:2    | Found Dimp's Assorted Antiques.
 14878 | Orc:2    | Noticed Saint Roka
 14901 | Orc:2    | Killed Saint Roka
 14902 | Orc:2    | Reached skill level 5 in Dodging
 15141 | Orc:2    | Found Negyabu's Antique Armour Shop.
 15213 | Orc:2    | Found Kogeezxo's Antique Weapon Boutique.
 15513 | Orc:2    | Found Upleoshri's Armour Shop.
 15770 | Elf:1    | Entered Level 1 of the Elven Halls
 15807 | Elf:1    | Reached skill level 10 in Fighting
 15871 | Elf:1    | Noticed a deep elf sorcerer
 15878 | Elf:1    | Killed a deep elf sorcerer
 15946 | Elf:1    | Paralysed by an air elemental for 1 turns
 16023 | Elf:1    | Paralysed by an air elemental for 1 turns
 16027 | Elf:1    | Paralysed by an air elemental for 1 turns
 16093 | Elf:1    | Reached XP level 15. HP: 107/137 MP: 20/20
 16223 | Elf:1    | Got the Guide on the Quantum Snowflakes
 17086 | Elf:1    | Lost mutation: You are frail. (-10% HP) [potion of
                  | mutation]
 17086 | Elf:1    | Lost mutation: Your body sometimes deteriorates upon taking
                  | damage. [potion of mutation]
 17086 | Elf:1    | Lost mutation: You sometimes lose the ability to read
                  | scrolls when taking damage. [potion of mutation]
 17086 | Elf:1    | Gained mutation: You are partially covered in iridescent
                  | scales. (AC +2) [potion of mutation]
 17086 | Elf:1    | Gained mutation: You sometimes lose the ability to read
                  | scrolls when taking damage. [potion of mutation]
 17086 | Elf:1    | Gained mutation: You are strong-willed. (Will+) [potion of
                  | mutation]
 17229 | Elf:2    | Found Otwuutzeovu's Distillery.
 17231 | Elf:2    | Found Isas's Jewellery Shoppe.
 17233 | Elf:2    | Found Jimieluf's Armour Emporium.
 17509 | Elf:2    | Found a flickering gateway to a bazaar.
 17554 | Bazaar   | Entered a bazaar
 17555 | Bazaar   | Found Daxumizo's Antique Armour Emporium.
 17601 | Bazaar   | Found Pashojesm's Magic Scroll Emporium.
 17604 | Bazaar   | Found Faukk's Distillery.
 17607 | Bazaar   | Bought a scroll of identify for 24 gold pieces
 17607 | Bazaar   | Bought a scroll of identify for 24 gold pieces
 17607 | Bazaar   | Bought a scroll of enchant armour for 90 gold pieces
 17607 | Bazaar   | Identified a scroll of acquirement
 17613 | Bazaar   | Acquired 442 gold pieces
 17628 | Bazaar   | Found Qetusaim's Book Shop.
 17860 | Elf:2    | Found a huge runed translucent gate.
 17860 | Elf:2    | Found a huge runed translucent gate.
 17860 | Elf:2    | Found a huge runed translucent gate.
 17860 | Elf:2    | Found a huge runed translucent gate.
 17861 | Elf:2    | Found a huge runed translucent gate.
 18470 | Elf:2    | Noticed Nikola
 18513 | Elf:2    | Reached skill level 1 in Evocations
 19247 | Elf:1    | Reached skill level 15 in Unarmed Combat
 19322 | Elf:2    | Killed Nikola
 19931 | Elf:3    | Entered Level 3 of the Elven Halls
 19939 | Elf:3    | Paralysed by an air elemental for 1 turns
 19992 | Elf:3    | Paralysed by an air elemental for 1 turns
 20255 | Elf:3    | Reached XP level 16. HP: 130/169 MP: 21/21
 20424 | Elf:3    | Noticed a deep elf blademaster
 20437 | Elf:3    | Killed a deep elf blademaster
 20539 | Elf:3    | Paralysed by an air elemental for 1 turns
 20543 | Elf:3    | Found Johuron's Armour Emporium.
 20588 | Elf:3    | Reached skill level 5 in Evocations
 20682 | Elf:3    | Bought the +4 storm dragon scales of Winter {rElec Int+4
                  | Dex+3 Slay+2} for 1682 gold pieces
 20805 | Elf:3    | HP: 5/167 [+4 glaive of protection[an orange crystal
                  | statue] (29)]
 20806 | Elf:3    | Mangled by a deep elf knight

Illustrated notes

Levels and vault maps discovered:
D:1:      wander_arrival_fairy_ring, layout_rooms,
          shapermc_ecumenical_altar_rom_forum, serial_shops,
          nicolae_diamond_shop
D:2:      layout_rooms, basic_altar, hangedman_abyss_or_decor_stabs,
          uniq_crazy_yiuf_cottage, uniq_sigmund
D:3:      kennysheep_goblin_castle, layout_basic, serial_shops, shop,
          roderic_lattice_a
D:4:      layout_cave_pods
D:5:      layout_basic, grunt_ministairs_12
D:6:      layout_loops_ring, nicolae_ossuary_entry_plus, serial_shops,
          nicolae_shop_temple_entry_statues_fountains
D:7:      layout_gridville, zin_angel, minmay_temple_entry_overgrown,
          kennysheep_potato, uniq_menkaure, uniq_joseph
D:8:      layout_loops_cross, minmay_crystal_water, uniq_maggie
D:9:      layout_rooms, lair_entry_dummy, minmay_between, uniq_erica
D:10:     layout_roguey
D:11:     layout_small_grid, nicolae_shop_overcharged_wands
D:12:     layout_basic, erik_orc_2, serial_glass, glass_columns_a,
          glass_columns_a, grunt_potential
D:13:     four-leaf_vault, layout_loops_corners
D:14:     layout_rooms, david_vaults_4, kennysheep_minor_cross,
          minmay_variable_closet
D:15:     grunt_enter_depths_giant_problem, layout_basic, serial_bayou_pond_a,
          ice2_lemuel
Temple:   kilobyte_greek_temple
Orc:1:    layout_diamond_mine, minmay_orc_temple_b
Orc:2:    grunt_orc_community_town_hall, layout_caves,
          grunt_orc_community_big_house_1, grunt_orc_community_big_house_2,
          grunt_orc_community_house_1, grunt_orc_community_house_2,
          grunt_orc_community_house_2, grunt_orc_community_house_3
Elf:1:    layout_onion_city, hangedman_elf_represent
Elf:2:    elven_hall_of_blades_hangedman_alternative
          [nooodl_blade_entry_preview], layout_geoelf_octagon, serial_shops,
          bzr_entry_road, minmay_shop_star, uniq_nikola, uniq_saint_roka
Elf:3:    minmay_elf_hall_spiked, layout_rooms, serial_shops, shop,
          minivault_15, roderic_lattice_octagonal_star
Depths:1: minmay_octagon_city, layout_basic, grunt_metal_band,
          minmay_misc_feat_tiny, hangedman_research_thermodynamics,
          uniq_enchantress

Skill      XL: |  1  2  3  4  5  6  7  8  9 10 11 12 13 14 15 16 |
---------------+-------------------------------------------------+-----
Fighting       | 3 4 5 6 8 11 13 | 13.0
Unarmed Combat | 4 5 6 8 9 10 14 15 | 15.8
Armour         | 2 5 8 |  8.0
Shields        | 2 5 8 10 | 10.0
Invocations    | 8 9 |  9.0
Dodging        | 5 |  5.5
Evocations     | 3 5 |  5.0
Stealth        | |  1.0

Action                   |  1- 3 |  4- 6 |  7- 9 | 10-12 | 13-15 | 16-18 || total
-------------------------+-------+-------+-------+-------+-------+-------++-------
Melee: Unarmed           |    41 |   150 |   250 |   571 |  1237 |    72 ||  2321
       Punch             |       |     2 |     7 |    15 |       |       ||    24
Throw: Boomerang         |       |       |       |     1 |       |       ||     1
       Javelin           |       |       |       |       |     2 |       ||     2
       Large rock        |       |       |       |       |     3 |       ||     3
Invok: Upheaval          |       |       |       |     2 |     2 |       ||     4
       Disaster Area     |       |       |       |     1 |     1 |     1 ||     3
       Elemental Force   |       |       |       |       |     1 |     3 ||     4
Evoke: Wand              |       |       |       |     5 |       |       ||     5
  Use: Scroll            |       |       |     3 |    20 |     7 |       ||    30
       Potion            |       |       |       |       |    16 |    11 ||    27
 Stab: Sleeping          |     1 |     1 |     1 |       |       |       ||     3
       Paralysed         |       |       |       |       |       |     1 ||     1
Armor: Robe              |     9 |    49 |    55 |       |       |       ||   113
       Troll leather arm |       |       |    13 |    61 |       |       ||    74
       Acid dragon scale |       |       |       |    70 |   189 |     9 ||   268
       Storm dragon scal |       |       |       |       |       |     6 ||     6
Dodge: Dodged            |    14 |    65 |   112 |   118 |   211 |    15 ||   535
       Repelled          |       |       |       |     5 |    11 |     1 ||    17
Block: Other             |       |       |    18 |   100 |       |       ||   118
       Reflection        |       |       |     1 |    10 |    56 |    10 ||    77
       Kite shield       |       |       |       |   292 |  1068 |    60 ||  1420
